 Dungeon Crawl Stone Soup version 0.27.1-34-g3ba077fa99 (webtiles) character file.

Game seed: 9903340794035034821

33638 Arum the Grappler (level 13, -3/137 HPs)
             Began as a Troll Monk on Jan 15, 2022.
             Was the Champion of Dithmenos.
             Slain by a 12-headed hydra (12 damage)
             ... on level 14 of the Dungeon.
             The game lasted 00:19:08 (11051 turns).

Arum the Grappler (Troll Monk)                     Turns: 11051, Time: 00:19:09

Health: -3/137     AC:  6    Str: 23    XL:     13   Next: 37%
Magic:  12/12      EV: 21    Int:  6    God:    Dithmenos [******]
Gold:   515        SH:  5    Dex: 21    Spells: 12/12 levels left

rFire    . . .     SeeInvis .     - Unarmed
rCold    . . .     Faith    .   (no shield)
rNeg     . . .     Spirit   .   D - +0 troll leather armour
rPois    .         Reflect  +   (helmet restricted)
rElec    .         Harm     .   G - scarf {shadows}
rCorr    .         Rampage  .   (gloves unavailable)
Will     .....                  (boots unavailable)
Stlth    +++.......             b - amulet of reflection
HPRegen  2.32/turn              s - +4 ring of evasion
MPRegen  0.13/turn              v - +6 ring of dexterity

@: wreathed by umbra
A: large, unfitting armour, claws 3, regeneration 1, shaggy fur 1, tough skin 1
a: Renounce Religion, Shadow Step, Shadow Form


You were on level 14 of the Dungeon.
You worshipped Dithmenos.
Dithmenos was exalted by your worship.
You visited 2 branches of the dungeon, and saw 15 of its levels.
You also visited: Bailey.

You collected 874 gold pieces.
You spent 359 gold pieces at shops.

Inventory:

Hand Weapons
 w - the +5 broad axe "Killer Bee's Bane" {pain, Str+2 Int+2}
   (You found it on level 4 of the Dungeon)

   In the hands of one skilled in necromantic magic, it inflicts extra damage on
   living creatures.
   Str:       It affects your strength (+2).
   Int:       It affects your intelligence (+2).
Missiles
 u - 7 javelins
 y - 6 throwing nets
 I - 14 large rocks (quivered)
Armour
 C - +0 steam dragon scales
 D - a +0 troll leather armour (worn)
 G - a scarf of shadows (worn)
 J - a scarf of harm
Jewellery
 b - an amulet of reflection (around neck)
 h - a ring of fire
 s - a +4 ring of evasion (left claw)
 v - a +6 ring of dexterity (right claw)
 B - a ring of protection from cold
 L - a +4 ring of protection
 Q - a +6 ring of dexterity
Wands
 a - a wand of flame (14)
 H - a wand of polymorph (18)
 K - a wand of iceblast (8)
Scrolls
 d - 4 scrolls of holy word
 e - 10 scrolls of teleportation
 f - 2 scrolls of identify
 k - 2 scrolls of fog
 o - a scroll of summoning
 p - 4 scrolls of magic mapping
 q - 3 scrolls of blinking
 r - 3 scrolls of noise
 F - a scroll of fear
 M - a scroll of torment
 N - a scroll of enchant armour
Potions
 c - 2 potions of cancellation
 g - 2 potions of haste
 i - 5 potions of heal wounds
 j - 9 potions of curing
 l - 3 potions of lignification
 t - 2 potions of resistance
 x - 3 potions of might
 z - 3 potions of flight
 A - 3 potions of attraction
 O - a potion of ambrosia
 P - a potion of berserk rage
Miscellaneous
 m - a box of beasts
 n - a tin of tremorstones (2/2)
 E - a condenser vane


   Skills:
 + Level 11.5 Fighting
 + Level 2.6 Throwing
 + Level 11.2 Dodging
 - Level 1.0 Stealth
 + Level 13.4 Unarmed Combat


You had 12 spell levels left.
You didn't know any spells.
Your spell library contained the following spells:

 Spells                   Type           Power      Damage    Failure   Level
 Animate Skeleton         Necr           0%         N/A       50%         1
 Apportation              Tloc           0%         N/A       50%         1
 Corona                   Hex            0%         N/A       50%         1
 Freeze                   Ice            0%         1d3       50%         1
 Sting                    Tmut/Pois      0%         1d3       50%         1
 Summon Small Mammal      Summ           0%         N/A       50%         1
 Poisonous Vapours        Pois/Air       0%         N/A       65%         2
 Sublimation of Blood     Necr           0%         N/A       65%         2
 Call Canine Familiar     Summ           0%         N/A       86%         3
 Frozen Ramparts          Ice            0%         1d2       86%         3
 Gell's Gravitas          Tloc           0%         N/A       86%         3
 Lesser Beckoning         Tloc           0%         N/A       86%         3
 Portal Projectile        Hex/Tloc       0%         N/A       86%         3
 Summon Guardian Golem    Hex/Summ       0%         N/A       86%         3
 Teleport Other           Tloc           0%         N/A       86%         3
 Animate Dead             Necr           0%         N/A       99%         4
 Hailstorm                Conj/Ice       0%         3d3       99%         4
 Leda's Liquefaction      Hex/Erth       0%         N/A       99%         4
 Olgreb's Toxic Radiance  Pois           0%         N/A       99%         4
 Petrify                  Tmut/Erth      0%         N/A       99%         4
 Borgnjor's Vile Clutch   Necr/Erth      0%         N/A       100%        5
 Irradiate                Conj/Tmut      0%         3d13      100%        5
 Death Channel            Necr           0%         N/A       100%        6
 Orb of Destruction       Conj           0%         N/A       100%        7
 Spellforged Servitor     Conj/Summ      0%         N/A       100%        7


Dungeon Overview and Level Annotations

Branches:
Dungeon (14/15)            Temple (1/1) D:4            Lair (0/6) D:10
    Orc (0/2) D:12         Vaults (0/5) D:13         Bailey (visited)

Altars:
Ashenzari
Dithmenos
Elyvilon
Fedhas
Gozag
Hepliaklqana
Makhleb
Nemelex Xobeh
Okawaru
Ru
Uskayaw
Vehumet
Xom
Yredelemnul
Zin
The Shining One

Shops:
D:2 ?   D:3 [   D:12 *?[?   D:13 [*


Innate Abilities, Weirdness & Mutations

You are too large for most types of armour.
You have claws for hands.
Your natural rate of healing is unusually fast.
You are covered in fur. (AC +1)
You have tough skin. (AC +1)


Message History

The ten-headed hydra completely misses you.
The ten-headed hydra bites you.
* * * LOW HITPOINT WARNING * * *
The ten-headed hydra closely misses you.
The ten-headed hydra misses you.
The ten-headed hydra bites you but does no damage.
You block the ten-headed hydra's attack.
The ten-headed hydra bites you.
* * * LOW HITPOINT WARNING * * *
The ten-headed hydra misses you.
You tear one of the ten-headed hydra's heads off!
The nine-headed hydra grows two more!
You scratch the 11-headed hydra.
The 11-headed hydra is lightly wounded.
Your shadow hits the 11-headed hydra.
Unknown command.
You tear one of the 11-headed hydra's heads off!
The ten-headed hydra grows two more!
You claw the 12-headed hydra!
The 12-headed hydra is lightly wounded.
The 12-headed hydra misses you. The 12-headed hydra bites you!
* * * LOW HITPOINT WARNING * * *
The 12-headed hydra completely misses you.
The 12-headed hydra bites you but does no damage.
You block the 12-headed hydra's attack. The 12-headed hydra bites you.
* * * LOW HITPOINT WARNING * * *
You block the 12-headed hydra's attack. The 12-headed hydra closely misses you.
The 12-headed hydra bites you.
* * * LOW HITPOINT WARNING * * *
The 12-headed hydra bites you.
* * * LOW HITPOINT WARNING * * *
The 12-headed hydra misses you. You block the 12-headed hydra's attack.
The gargoyle hurls a stone arrow at you.
The stone arrow misses you.
You scratch the 12-headed hydra.
The 12-headed hydra is lightly wounded.
The 12-headed hydra barely misses you. The 12-headed hydra bites you.
* * * LOW HITPOINT WARNING * * *
The 12-headed hydra bites you!
* * * LOW HITPOINT WARNING * * *
The 12-headed hydra bites you!
You die...

#.###..z....####...............
###.z...#..................
#..##...##...............
.....##..................#.
.............#..............
...##.................#####..
... ..#...#.#####(....# ##. ..
.....#...D.......### #.
.......@.......########.
.##...<.....#........#.
#.#.......########...
#.........#######....
...#..9............#..
....#..........######.. ...
####...#. .... .. .#.. ####. ##


You could see a 12-headed hydra and a gargoyle.

Vanquished Creatures
  Harold (D:7)
  A boulder beetle (D:11)
  The ghost of OdinelGallardo the Nimble, a novice TrMo of Makhleb (D:8)
  4 two-headed ogres
  A hydra (D:12)
  5 centaur warriors
  2 dancing weapons (D:13)
  6 skeletal warriors (D:13)
  A manticore (D:13)
  Pikel (D:9)
  3 cyclopes
  An ugly thing (D:12)
  An elephant (D:10)
  2 gargoyles
  Psyche (D:8)
  2 tengu conjurers (D:14)
  2 hellwings (D:8)
  A freezing wraith (D:14)
  3 meliai (D:12)
  3 hornets
  4 trolls
  6 wraiths
  A vampire (D:13)
  A human (D:12)
  36 yaks
  A steam dragon (D:10)
  An acid dragon (D:11)
  2 wargs (D:12)
  5 water moccasins
  9 orc warriors
  A hornet zombie (D:8)
  A sky beast (D:7)
  3 black bears
  A necrophage (D:6)
  5 centaurs
  An ogre (D:5)
  A lemure (D:9)
  3 bullfrogs
  4 scorpions
  2 wyvern zombies
  A wyvern skeleton (D:6)
  2 water moccasin zombies
  2 water moccasin skeletons
  14 killer bees
  9 wights
  3 howler monkeys
  2 bullfrog zombies
  11 centaur zombies
  2 centaur skeletons
  3 jellies
  A hound (D:7)
  8 orc priests
  Jessica (D:2)
  A bullfrog skeleton (D:6)
  Terence (D:2)
  An iguana (D:6)
  16 orc wizards
  A killer bee zombie (D:6)
  A hound skeleton (D:4)
  A howler monkey zombie (D:11)
  5 gnolls
  A howler monkey skeleton (D:6)
  6 adders
  6 shadow imps
  A white imp (D:8)
  2 ufetubi
  4 dart slugs
  33 orcs
  5 ball pythons
  8 bats
  3 endoplasms
  A giant cockroach (D:1)
  14 goblins
  11 hobgoblins
  4 quokkas
  3 frilled lizards
  20 kobolds
  A quokka skeleton (D:4)
  2 rats
341 creatures vanquished.

Vanquished Creatures (others)
  An angel (D:9)
  11 withered plants (D:8)
12 creatures vanquished.

Grand Total: 353 creatures vanquished

Notes
Turn   | Place    | Note
-------+----------+-------------------------------------------
     0 | D:1      | Arum the Troll Monk began the quest for the Orb.
     0 | D:1      | Reached XP level 1. HP: 22/22 MP: 0/0
   125 | D:1      | Reached XP level 2. HP: 29/29 MP: 1/1
   472 | D:1      | Found a faded altar of an unknown god.
   966 | D:2      | Noticed Jessica
   979 | D:2      | Killed Jessica
   980 | D:2      | Reached XP level 3. HP: 14/37 MP: 2/2
   980 | D:2      | Found Ygyimy's Magic Scroll Shop.
  1013 | D:2      | Bought a scroll of teleportation for 42 gold pieces
  1100 | D:2      | Reached skill level 4 in Unarmed Combat
  1135 | D:2      | Noticed Terence
  1146 | D:2      | Killed Terence
  1147 | D:2      | Reached XP level 4. HP: 33/45 MP: 3/3
  1684 | D:3      | Found a glowing golden altar of the Shining One.
  1882 | D:3      | Found Cajios's Armour Emporium.
  1929 | D:3      | Found a blossoming altar of Fedhas.
  2156 | D:4      | Found a broken altar of Ashenzari.
  2257 | D:4      | Reached XP level 5. HP: 54/54 MP: 4/4
  2369 | D:4      | Identified the +5 broad axe "Killer Bee's Bane" {pain,
                  | Str+2 Int+2}
  2591 | D:4      | Found a staircase to the Ecumenical Temple.
  2648 | Temple   | Entered the Ecumenical Temple
  2743 | Temple   | Became a worshipper of Dithmenos the Shadowed
  2743 | Temple   | Reached * piety under Dithmenos
  2743 | Temple   | Reached ** piety under Dithmenos
  2897 | D:5      | Entered Level 5 of the Dungeon
  2965 | D:5      | Reached XP level 6. HP: 62/62 MP: 5/5
  3046 | D:5      | Reached skill level 5 in Unarmed Combat
  3187 | D:5      | Found a burning altar of Makhleb.
  3506 | D:5      | Reached XP level 7. HP: 68/71 MP: 6/6
  4253 | D:6      | Reached skill level 6 in Unarmed Combat
  4256 | D:6      | Reached skill level 5 in Fighting
  4355 | D:6      | Noticed a two-headed ogre
  4359 | D:6      | Reached XP level 8. HP: 79/81 MP: 7/7
  4370 | D:6      | Killed a two-headed ogre
  4371 | D:6      | Reached skill level 5 in Dodging
  4371 | D:6      | Reached skill level 7 in Unarmed Combat
  4419 | D:6      | Reached *** piety under Dithmenos
  4499 | D:6      | Reached XP level 9. HP: 91/91 MP: 8/8
  4781 | D:6      | Reached skill level 8 in Unarmed Combat
  4909 | D:7      | Noticed Harold
  4923 | D:7      | Killed Harold
  4957 | D:7      | Found an iron altar of Okawaru.
  5319 | D:7      | Reached skill level 9 in Unarmed Combat
  5554 | D:7      | Reached XP level 10. HP: 100/102 MP: 9/9
  5723 | D:8      | Noticed Psyche
  5752 | D:8      | Killed Psyche
  5766 | D:8      | HP: 1/102 [wyvern zombie (13)]
  5785 | D:8      | Reached **** piety under Dithmenos
  5918 | D:8      | Reached skill level 10 in Unarmed Combat
  6002 | D:8      | Found a flagged portal.
  6019 | Bailey   | Entered a bailey
  6379 | D:8      | Found a runed translucent gate.
  6379 | D:8      | Found a runed translucent gate.
  6384 | D:8      | Found a runed translucent gate.
  6384 | D:8      | Noticed OdinelGallardo's ghost (novice TrMo)
  6405 | D:8      | Reached XP level 11. HP: 104/113 MP: 10/10
  6454 | D:8      | Reached ***** piety under Dithmenos
  6810 | D:8      | Killed OdinelGallardo's ghost
  6910 | D:9      | Found a sparkling altar of Nemelex Xobeh.
  6974 | D:9      | Found a hide-covered altar of Uskayaw.
  6974 | D:9      | Noticed Pikel
  6986 | D:9      | Killed Pikel
  7262 | D:9      | Noticed an angel
  7263 | D:9      | Found a shimmering altar of Xom.
  7287 | D:9      | Found a glowing silver altar of Zin.
  7301 | D:9      | Reached skill level 11 in Unarmed Combat
  7378 | D:9      | Killed an angel
  7647 | D:10     | Entered Level 10 of the Dungeon
  8024 | D:10     | Noticed a two-headed ogre
  8041 | D:10     | Killed a two-headed ogre
  8112 | D:10     | Found a staircase to the Lair.
  8216 | D:10     | Reached skill level 10 in Fighting
  8548 | D:11     | Found a sacrificial altar of Ru.
  8654 | D:11     | Reached XP level 12. HP: 119/126 MP: 11/11
  8852 | D:11     | Paralysed by a hornet for 1 turns
  8856 | D:11     | Reached skill level 12 in Unarmed Combat
  8870 | D:11     | Reached skill level 10 in Dodging
  8903 | D:11     | Noticed a boulder beetle
  8927 | D:11     | HP: 3/127 [boulder beetle (16)]
  8970 | D:11     | Killed a boulder beetle
  9150 | D:11     | Noticed a two-headed ogre
  9154 | D:11     | Killed a two-headed ogre
  9507 | D:12     | Noticed a centaur warrior
  9529 | D:12     | Killed a centaur warrior
  9597 | D:12     | HP: 4/128 [orc priest (5)]
  9670 | D:12     | Identified the +4 trident "Rymicom" {venom, rN+ Str+3}
  9671 | D:12     | Found a staircase to the Orcish Mines.
  9709 | D:12     | Found Juolaej's Armour Emporium.
  9714 | D:12     | Bought a scarf of shadows for 132 gold pieces
  9720 | D:12     | Found Eduefymi's Magic Scroll Shoppe.
  9724 | D:12     | Bought a scroll of identify for 26 gold pieces
  9724 | D:12     | Bought a scroll of teleportation for 39 gold pieces
  9927 | D:12     | Reached ****** piety under Dithmenos
  9957 | D:12     | Found Ifeenwim's Assorted Antiques.
  9985 | D:12     | Noticed a six-headed hydra
  9994 | D:12     | Killed a nine-headed hydra
 10022 | D:12     | Found Vaqaemm's Magic Scroll Shoppe.
 10031 | D:12     | Bought a scroll of magic mapping for 38 gold pieces
 10031 | D:12     | Bought a scroll of enchant armour for 82 gold pieces
 10212 | D:13     | Found a gate to the Vaults.
 10248 | D:13     | Found Cediv's Antique Armour Shoppe.
 10248 | D:13     | Found Asoac's Assorted Antiques.
 10332 | D:13     | Reached skill level 13 in Unarmed Combat
 10343 | D:13     | Reached XP level 13. HP: 71/137 MP: 12/12
 10351 | D:13     | HP: 5/137 [skeletal warrior[a skeletal warrior] (33)]
 10494 | D:13     | Reached skill level 1 in Throwing
 11051 | D:14     | Slain by a 12-headed hydra

Illustrated notes

Levels and vault maps discovered:
D:1:      minmay_arrival_checkered_box, layout_basic,
          dreamdust_ecumenical_altar_hidden_monk_grotto
D:2:      layout_basic, serial_shops, shop, minmay_indecisive_spiral,
          uniq_terence, uniq_jessica
D:3:      layout_loops_ring, mainiacjoe_overflow_brackets,
          mainiacjoe_overflow_paths, serial_shops, nicolae_lakefront_shop
D:4:      layout_loops_ring, cheibrodos_ashenzari_chains,
          minmay_temple_entry_antechambers
D:5:      layout_layer_cave, mainiacjoe_overflow_alcove_1, minivault_26
D:6:      layout_rooms, serial_undead, serial_undead_d, serial_undead_b,
          serial_undead_c, serial_undead_f, st_stairs_9
D:7:      layout_gridville, lemuel_coloured_pillars_altar, uniq_harold
D:8:      cheibrodos_grave_circle, layout_rooms, enter_bailey_4,
          gammafunk_ghost_spectres, serial_bayou_pond_d, uniq_psyche
D:9:      layout_loops_cross, nemelex_xobeh_ov_fountains_minmay,
          mainiacjoe_overflow_tiny_flanked,
          grunt_temple_overflow_order_and_chaos_1, hangedman_decor_opposing,
          serial_bayou_pond_d, hangedman_abyss_or_decor_slice, uniq_pikel
D:10:     layout_loops_ring, david_lair_generic
D:11:     layout_cross, roderic_lattice_a, nicolae_ru_sacrificial_ziggurat
D:12:     layout_roguey, erik_orc_4, serial_shops, shop, shop,
          nicolae_diamond_shop, nicolae_shop_stone, minmay_misc_feat_roman
D:13:     layout_roguey, erik_vaults_1, nicolae_wooded_promenade
D:14:     layout_rooms
Temple:   nicolae_temple_figure_eight

Skill      XL: |  1  2  3  4  5  6  7  8  9 10 11 12 13 |
---------------+----------------------------------------+-----
Fighting       | 3 4 5 6 7 8 10 11 | 11.5
Unarmed Combat | 4 5 6 7 9 10 11 13 | 13.4
Dodging        | 3 4 5 7 8 9 10 11 | 11.2
Throwing       | 2 |  2.6
Stealth        | |  1.0

Action                   |  1- 3 |  4- 6 |  7- 9 | 10-12 | 13-15 || total
-------------------------+-------+-------+-------+-------+-------++-------
Melee: Unarmed           |    68 |   129 |   182 |   678 |   101 ||  1158
       Punch             |     1 |     3 |     4 |    59 |    12 ||    79
Throw: Javelin           |       |       |     1 |     5 |       ||     6
       Large rock        |       |       |       |       |     1 ||     1
Evoke: Wand              |       |       |       |     9 |     1 ||    10
  Use: Scroll            |       |       |    15 |     8 |       ||    23
       Potion            |       |       |       |     3 |       ||     3
 Stab: Sleeping          |     2 |     5 |     3 |     6 |     2 ||    18
       Distracted        |       |       |       |     3 |       ||     3
Armor: Robe              |    20 |    27 |    17 |    38 |       ||   102
       Steam dragon scal |       |       |       |    20 |       ||    20
       Troll leather arm |       |       |       |    23 |    18 ||    41
Dodge: Dodged            |    20 |    48 |   147 |   551 |   103 ||   869
Block: Other             |     7 |    26 |    44 |   156 |    31 ||   264
       Reflection        |       |     1 |       |    13 |     6 ||    20
